 Dungeon Crawl Stone Soup version 0.30-a0-305-g026cb31310 (webtiles) character file.

Game seed: 7981827109112749358

1943 greenreed the Poker (level 9, -4/40 (69) HPs)
             Began as a Gnoll Reaver on Oct 21, 2022.
             Was a Believer of Makhleb.
             Killed from afar by an orc wizard (5 damage)
             ... with a magic dart
             ... on level 7 of the Dungeon.
             The game lasted 00:19:39 (6664 turns).

greenreed the Poker (Gnoll Reaver)                  Turns: 6664, Time: 00:19:42

HP:   -4/40 (69)    AC:  5    Str: 21    XL:     9   Next: 18%
MP:   18/18         EV: 13    Int: 13    God:    Makhleb [**....]
Gold: 309           SH:  0    Dex: 11    Spells: 18/21 levels left

rFire   . . .      SeeInvis .    H - +0 halberd (flame)
rCold   . . .      Faith    .    (shield currently unavailable)
rNeg    . . .      Spirit   .    B - +0 troll leather armour
rPois   .          Reflect  .    o - +0 helmet
rElec   .          Harm     .    (no cloak)
rCorr   .          Rampage  .    (no gloves)
Will    .....                    (no boots)
Stlth   ++........               (no amulet)
HPRegen 1.06/turn                d - +6 ring of strength
MPRegen 0.16/turn                (no ring)

@: lethally poisoned (-4 -> -14), very heavily drained
A: fangs 1, strong nose, distributed training
a: Renounce Religion, Minor Destruction


You were on level 7 of the Dungeon.
You worshipped Makhleb.
Makhleb was pleased with you.
You visited 1 branch of the dungeon, and saw 7 of its levels.

You collected 351 gold pieces.
You spent 42 gold pieces at shops.

Inventory:

Hand Weapons
 a - a +0 spear
 u - a +1 vampiric hand axe
 v - a +0 trident
 D - a +0 lajatang
 H - a +0 halberd of flaming (weapon)
Armour
 b - a +0 leather armour
 o - a +0 helmet (worn)
 B - a +0 troll leather armour (worn)
 C - the +1 robe of Asceticism {rF+ Dex+3}
   (You found it on level 5 of the Dungeon)

   Dex:       It affects your dexterity (+3).
   rF:        It protects you from fire.
 I - +0 acid dragon scales
Magical Staves
 p - a staff of cold
Jewellery
 d - a +6 ring of strength (left hand)
 s - a ring of magical power
Wands
 y - a wand of flame (6)
Scrolls
 e - 2 scrolls of magic mapping {unknown}
 f - a scroll of poison {unknown}
 g - 4 scrolls of teleportation {unknown}
 i - 5 scrolls of vulnerability {unknown}
 k - a scroll of fear {unknown}
 l - a scroll of amnesia {unknown}
 m - a scroll of silence {unknown}
 q - a scroll of immolation {unknown}
 t - 5 scrolls of identify {unknown}
 x - 3 scrolls of enchant weapon {unknown}
Potions
 c - a potion of invisibility {unknown}
 h - a potion of attraction {unknown}
 j - 2 potions of ambrosia {unknown}
 n - 2 potions of mutation {unknown}
 w - a potion of might {unknown}
 z - a potion of brilliance {unknown}
 A - 3 potions of heal wounds {unknown}
 E - 2 potions of lignification {unknown}
 F - a potion of berserk rage {unknown}
 G - a potion of haste {unknown}


   Skills:
 + Level 6.2 Fighting
 + Level 4.1 Short Blades
 + Level 4.1 Long Blades
 + Level 4.1 Axes
 + Level 4.1 Maces & Flails
 + Level 7.8 Polearms
 + Level 4.1 Staves
 + Level 4.1 Ranged Weapons
 + Level 4.1 Throwing
 + Level 4.1 Armour
 + Level 6.2 Dodging
 + Level 4.1 Stealth
 + Level 4.1 Shields
 + Level 4.1 Unarmed Combat
 + Level 6.5 Spellcasting
 + Level 6.5 Conjurations
 + Level 3.4 Hexes
 + Level 3.4 Summonings
 + Level 3.4 Necromancy
 + Level 3.4 Translocations
 + Level 3.4 Transmutations
 + Level 3.4 Fire Magic
 + Level 3.4 Ice Magic
 + Level 3.4 Air Magic
 + Level 3.4 Earth Magic
 + Level 3.4 Poison Magic
 + Level 4.5 Invocations
 + Level 4.1 Evocations


You had 18 spell levels left.
You knew the following spells:

 Your Spells              Type           Power      Damage    Failure   Level
a - Kiss of Death         Conj/Necr      68%        2d10      2%          1
b - Momentum Strike       Conj/Tloc      34%        3d8       3%          2

Your spell library contained the following spells:

 Spells                   Type           Power      Damage    Failure   Level
 Hailstorm                Conj/Ice       17%        3d6       7%          3


Dungeon Overview and Level Annotations

Branches:
Dungeon (7/15)             Temple (0/1) D:7

Altars:
Makhleb

Shops:
D:2 !   D:3 :   D:5 =


Innate Abilities, Weirdness & Mutations

You have very sharp teeth.
Your uncanny sense of smell can sniff out nearby items.
Your experience applies equally to all skills.


Message History

The orc attacks as you move away! The orc misses you.
You feel sick.
You miss something. Your bite misses something.
You feel sick. Something barely misses you.
The orc hits you but does no damage.
You're too confused to move!
You feel sick. Something barely misses you. The orc closely misses you.
You barely miss something.
You feel sick.
You hear some strange, mumbled words.
A puff of flame appears from out of thin air!
The puff of flame hits you.
* * * LOW HITPOINT WARNING * * *
The orc hits you but does no damage.
You feel less confused.
You feel sick.
You hear some strange, mumbled words.
A magic dart appears from out of thin air!
The magic dart hits you.
* * * LOW HITPOINT WARNING * * *
The orc misses you.
You feel better. Something hits you.
You are poisoned.
The orc barely misses you.
You closely miss something.
You feel sick.
You hear some strange, mumbled words.
A puff of flame appears from out of thin air!
The puff of flame misses you. The orc hits you with a +0 hand axe.
* * * LOW HITPOINT WARNING * * *
The orc misses you. Something hits you but does no damage.
You are more poisoned.
You feel very sick. Something hits you.
* * * LOW HITPOINT WARNING * * *
You feel sick. Something hits you.
* * * LOW HITPOINT WARNING * * *
You are lethally poisoned!
* * * LOW HITPOINT WARNING * * *
You feel very sick.
A magic dart appears from out of thin air!
The magic dart hits you.
You die...

.... .............#..#.#
#.....>.............#.#
#..##).#...........#.#
#....)...#.........#..
#................
#####....#....#.#.#
#{o............... #####
#................. #...#
#@.....#######....
#...#####.###.## # ..
#.............#∆ .##.
#...#####.##..# ...
####...##........#∆ ##.
#......##........## ###..
#.##...##.........#######....
#.##...#.....................
#......##.......##.#.#....###


You could see an orc.

Vanquished Creatures
  Maggie (D:7)
  Edmund (D:5)
  Menkaure (D:4)
  2 sky beasts
  3 ogres
  3 centaurs
  A phantom (D:5)
  Blork the orc (D:4)
  A bullfrog (D:6)
  2 scorpions
  4 wights
  3 hounds
  A jelly (D:5)
  2 orc priests (D:5)
  Jessica (D:2)
  4 iguanas
  An orc wizard (D:5)
  Robin (D:2)
  10 adders
  2 shadow imps
  3 white imps
  2 ufetubi
  3 worms (D:2)
  2 dart slugs (D:4)
  25 orcs
  4 ball pythons
  3 endoplasms
  2 giant cockroaches
  13 goblins
  6 hobgoblins
  4 jackals
  7 quokkas
  9 bats
  2 frilled lizards (D:2)
  2 kobolds
  2 rats
134 creatures vanquished.

Vanquished Creatures (others)
  Grinder (D:4)
  An orc warrior (D:6)
  A phantom (D:6)
  A scorpion (D:5)
  A wight (D:6)
  An orc wizard (D:3)
  An adder (D:3)
7 creatures vanquished.

Grand Total: 141 creatures vanquished

Notes
Turn   | Place    | Note
-------+----------+-------------------------------------------
     0 | D:1      | greenreed the Gnoll Reaver began the quest for the Orb.
     0 | D:1      | Reached XP level 1. HP: 20/20 MP: 6/6
   493 | D:1      | Reached XP level 2. HP: 23/26 MP: 7/7
   931 | D:1      | Learned a level 2 spell: Momentum Strike
   998 | D:2      | Noticed Robin
  1241 | D:2      | Reached skill level 5 in Spellcasting
  1241 | D:2      | Reached XP level 3. HP: 24/28 MP: 7/9
  1282 | D:2      | Killed Robin
  1283 | D:2      | Reached skill level 1 in Invocations
  1382 | D:2      | Reached skill level 1 in Short Blades
  1382 | D:2      | Reached skill level 1 in Long Blades
  1382 | D:2      | Reached skill level 1 in Axes
  1382 | D:2      | Reached skill level 1 in Maces & Flails
  1382 | D:2      | Reached skill level 1 in Staves
  1382 | D:2      | Reached skill level 1 in Ranged Weapons
  1382 | D:2      | Reached skill level 1 in Throwing
  1382 | D:2      | Reached skill level 1 in Armour
  1382 | D:2      | Reached skill level 1 in Stealth
  1382 | D:2      | Reached skill level 1 in Shields
  1382 | D:2      | Reached skill level 1 in Unarmed Combat
  1382 | D:2      | Reached skill level 1 in Evocations
  1395 | D:2      | Noticed Jessica
  1405 | D:2      | Killed Jessica
  1406 | D:2      | Reached XP level 4. HP: 33/38 MP: 11/11
  1453 | D:2      | Found Baemopun's Distillery.
  1497 | D:2      | Bought a potion of curing for 42 gold pieces
  1499 | D:2      | Found a burning altar of Makhleb.
  1517 | D:2      | Became a worshipper of Makhleb the Destroyer
  1528 | D:2      | Reached skill level 1 in Hexes
  1528 | D:2      | Reached skill level 1 in Summonings
  1528 | D:2      | Reached skill level 1 in Necromancy
  1528 | D:2      | Reached skill level 1 in Translocations
  1528 | D:2      | Reached skill level 1 in Transmutations
  1528 | D:2      | Reached skill level 1 in Fire Magic
  1528 | D:2      | Reached skill level 1 in Ice Magic
  1528 | D:2      | Reached skill level 1 in Air Magic
  1528 | D:2      | Reached skill level 1 in Earth Magic
  1528 | D:2      | Reached skill level 1 in Poison Magic
  1955 | D:2      | Reached XP level 5. HP: 31/43 MP: 12/12
  2007 | D:2      | Found a faded altar of an unknown god.
  2192 | D:3      | Reached * piety under Makhleb
  2563 | D:3      | Found Abykud's Book Emporium.
  2838 | D:4      | Noticed Blork the orc
  3009 | D:4      | Noticed Grinder
  3013 | D:4      | Paralysed by Grinder for 4 turns
  3024 | D:4      | Killed Grinder
  3025 | D:4      | Reached skill level 5 in Fighting
  3025 | D:4      | Reached skill level 5 in Dodging
  3025 | D:4      | Reached XP level 6. HP: 26/51 MP: 10/14
  3401 | D:4      | Noticed Menkaure
  3405 | D:4      | Killed Menkaure
  4098 | D:4      | Killed Blork the orc
  4099 | D:4      | Reached skill level 7 in Polearms
  4099 | D:4      | Reached XP level 7. HP: 53/56 MP: 12/15
  4112 | D:5      | Entered Level 5 of the Dungeon
  4112 | D:5      | Noticed Edmund
  4129 | D:5      | Killed Edmund
  4722 | D:5      | Found Agroc's Jewellery Boutique.
  4754 | D:5      | Identified the +1 robe of Asceticism {rF+ Dex+3}
  4851 | D:5      | Reached XP level 8. HP: 63/63 MP: 16/16
  5102 | D:5      | Reached ** piety under Makhleb
  6289 | D:7      | Found a staircase to the Ecumenical Temple.
  6298 | D:7      | Noticed a yak
  6302 | D:7      | Noticed a yak
  6302 | D:7      | Noticed a yak
  6302 | D:7      | Noticed a yak
  6302 | D:7      | Noticed a yak
  6399 | D:7      | Noticed Maggie
  6410 | D:6      | Reached XP level 9. HP: 38/66 MP: 11/18
  6559 | D:7      | Killed Maggie
  6664 | D:7      | HP: 1/40 [poisoned by an orc wizard]
  6664 | D:7      | Killed from afar by an orc wizard

Illustrated notes

Levels and vault maps discovered:
D:1:      lightli_arrival_noodles, layout_loops_corners, serial_glass,
          glass_columns_a, glass_columns_a
D:2:      layout_basic, basic_altar, basic_ecumenical_altar, serial_shops,
          nicolae_diamond_shop, wad_orctagon, uniq_robin, uniq_jessica
D:3:      layout_loops_ring, serial_shops, shop_fountains
D:4:      layout_basic, nicolae_titane, uniq_grinder, uniq_menkaure,
          uniq_blork_the_orc
D:5:      layout_loops_corners, serial_glass, glass_columns_b, glass_columns_a,
          serial_shops, kennysheep_little_box, uniq_edmund
D:6:      layout_rooms, dk_vineyard_1
D:7:      layout_basic, temple_green, gammafunk_ghost_icy,
          minmay_fire_ice_demons, uniq_maggie

Skill      XL: |  1  2  3  4  5  6  7  8  9 |
---------------+----------------------------+-----
Spellcasting   | 5 6 |  6.5
Invocations    | 1 2 3 4 |  4.5
Short Blades   | 1 2 3 4 |  4.1
Long Blades    | 1 2 3 4 |  4.1
Axes           | 1 2 3 4 |  4.1
Maces & Flails | 1 2 3 4 |  4.1
Staves         | 1 2 3 4 |  4.1
Ranged Weapons | 1 2 3 4 |  4.1
Throwing       | 1 2 3 4 |  4.1
Armour         | 1 2 3 4 |  4.1
Stealth        | 1 2 3 4 |  4.1
Shields        | 1 2 3 4 |  4.1
Unarmed Combat | 1 2 3 4 |  4.1
Evocations     | 1 2 3 4 |  4.1
Hexes          | 1 2 3 |  3.4
Summonings     | 1 2 3 |  3.4
Necromancy     | 1 2 3 |  3.4
Translocations | 1 2 3 |  3.4
Transmutations | 1 2 3 |  3.4
Fire Magic     | 1 2 3 |  3.4
Ice Magic      | 1 2 3 |  3.4
Air Magic      | 1 2 3 |  3.4
Earth Magic    | 1 2 3 |  3.4
Poison Magic   | 1 2 3 |  3.4
Fighting       | 5 6 |  6.2
Dodging        | 5 6 |  6.2
Polearms       | 7 |  7.8
Conjurations   | 6 |  6.5

Action                   |  1- 3 |  4- 6 |  7- 9 || total
-------------------------+-------+-------+-------++-------
Melee: Spear             |   120 |    61 |       ||   181
       Punch             |     2 |     3 |     4 ||     9
       Bite              |     5 |    12 |    30 ||    47
       Trident           |       |   132 |   251 ||   383
       Halberd           |       |       |    19 ||    19
 Cast: Kiss of Death     |     1 |       |     5 ||     6
       Momentum Strike   |       |     7 |    24 ||    31
  Use: Potion            |       |       |     2 ||     2
 Stab: Sleeping          |     1 |       |     9 ||    10
       Distracted        |       |       |     1 ||     1
Armor: Leather armour    |    15 |    42 |     1 ||    58
       Troll leather arm |       |       |    68 ||    68
Dodge: Dodged            |    39 |   104 |   183 ||   326

Table legend: (Time is in decaauts)
 A = Elapsed time spent in this place.
 B = Non-inter-level travel time spent in this place.
 C = Inter-level travel time spent in this place.
 D = Time resting spent in this place.
 E = Time spent auto-exploring this place.
 F = Levels seen in this place.
 G = Mean time per level.
                   A        B        C        D        E       F      G
               +--------+--------+--------+--------+--------+-----+--------+
         Total |   6604 |   6135 |    469 |    316 |   4447 |   7 |  943.4 |
       Dungeon |   6604 |   6135 |    469 |    316 |   4447 |   7 |  943.4 |
               +--------+--------+--------+--------+--------+-----+--------+

Top non-repeatable levels by time:
     D:5: 1247 daAuts
     D:2: 1183 daAuts
     D:4: 1005 daAuts
     D:1: 944 daAuts
     D:3: 933 daAuts
     D:6: 897 daAuts
     D:7: 391 daAuts
